 Dungeon Crawl Stone Soup version 0.24.0-5-g267a8d59f4 (webtiles) character file.

Game seed: 8117766839728757420, levelgen mode: deterministic

33 wullow the Cudgeler (level 3, 0/34 HPs)
             Began as a Naga Wanderer on Nov 2, 2019.
             Slain by a hobgoblin
             ... wielding a +0 club
              (4 damage)
             ... on level 1 of the Dungeon.
             The game lasted 00:03:47 (1112 turns).

wullow the Cudgeler (Naga Wanderer)                 Turns: 1112, Time: 00:03:48

Health: 0/34       AC:  6    Str: 16    XL:     3   Next: 29%
Magic:  4/4        EV:  7    Int: 11    God:
Gold:   76         SH:  0    Dex: 10    Spells: 4/4 levels left

rFire    . . .     SeeInvis +   a - +0 mace
rCold    . . .     Gourm    .   (no shield)
rNeg     . . .     Faith    .   c - +2 scale mail
rPois    +         Spirit   .   (no helmet)
rElec    .         Reflect  .   (no cloak)
rCorr    .         Harm     .   (no gloves)
MR       .....                  (no barding)
Stlth    ..........             (no amulet)
HPRegen  0.11/turn              (no ring)
MPRegen  0.09/turn              (no ring)

@: short of breath, very slow
A: large, see invisible, deformed body, poison resistance, slowness 2, slow
metabolism 1, spit poison 1, AC +1
a: Spit Poison


You were on level 1 of the Dungeon.
You were not hungry.

You visited 1 branch of the dungeon, and saw 2 of its levels.

You collected 76 gold pieces.

Inventory:

Hand Weapons
 a - a +0 mace (weapon)
 i - a +0 dagger
Missiles
 e - 4 javelins (quivered)
 h - 26 stones
Armour
 c - a +2 scale mail (worn)
Jewellery
 f - an uncursed ring of fire {unknown}
Scrolls
 b - 3 scrolls of teleportation
 g - 2 scrolls of amnesia {unknown}
 k - a scroll of fog {unknown}
Potions
 j - a potion of curing {unknown}
 l - a potion of agility {unknown}
Comestibles
 d - 2 rations


   Skills:
 + Level 3.0 Fighting
 - Level 4.0 Maces & Flails
 * Level 1.9 Armour
 + Level 2.0 Stealth
 - Level 1.0 Spellcasting
   Level 2.0 Evocations


You had 4 spell levels left.
You didn't know any spells.
Your spell library was empty.

Dungeon Overview and Level Annotations

Branches:
Dungeon (2/15)

Altars:

Annotations:
D:2 Sigmund


Innate Abilities, Weirdness & Mutations

You cannot wear boots.
Your serpentine skin is tough. (AC +1)
You have supernaturally acute eyesight. (SInv)
Armour fits poorly on your strangely shaped body.
Your system is resistant to poisons. (rPois)
You cover ground very slowly.
You have a slow metabolism.
You can spit poison.


Message History

The hobgoblin hits you but does no damage.
There is a stone staircase leading up here.
You don't know any spells.
The hobgoblin hits you but does no damage.
You climb upwards.
There is a stone staircase leading down here.
You are too injured to fight recklessly!
You are too injured to fight recklessly!
You are too injured to fight recklessly!
Press: ? - help, Shift-Dir - straight line, f - hobgoblin
Aim: a hobgoblin, wielding a +0 club The splash of poison misses the hobgoblin.
You feel slightly more hungry.
You are too injured to fight recklessly!
You are too injured to fight recklessly!
You barely miss the hobgoblin. The hobgoblin hits you with a +0 club.
* * * LOW HITPOINT WARNING * * *
The hobgoblin closely misses you.
You hit the hobgoblin but do no damage. The hobgoblin hits you with a +0 club.
You die...

###########
#.......>.#
#.#######.# #####.###
#.# ........# ##.##
#####.#.# ##...##
...##.#.###.#.#>#####
##.##.#.........@...#
#.##.#####.#.#g###.#
#.##.# ##...## #.#
#.##.#######.## ##.#
##.##.........# #..#
.......######## #.##
##.###.# #.# ##.# #.#
#.# #..# #.# #.#


You could see a hobgoblin.

Vanquished Creatures
  An ooze (D:1)
  A dart slug (D:1)
  A ball python (D:1)
  3 bats (D:1)
  2 giant cockroaches (D:1)
  4 jackals (D:1)
  5 goblins (D:1)
  2 kobolds (D:1)
  6 rats (D:1)
25 creatures vanquished.

Notes
Turn   | Place    | Note
-------+----------+-------------------------------------------
     0 | D:1      | wullow the Naga Wanderer began the quest for the Orb.
     0 | D:1      | wullow set off with the following items: a +0 mace, a
                  | scroll of teleportation, a +2 scale mail, a ration
     0 | D:1      | Reached XP level 1. HP: 21/21 MP: 2/2
   145 | D:1      | Reached skill level 1 in Stealth
   148 | D:1      | Reached XP level 2. HP: 10/28 MP: 3/3
   530 | D:1      | Reached XP level 3. HP: 24/34 MP: 4/4
   695 | D:1      | Reached skill level 1 in Spellcasting
  1079 | D:2      | Noticed Sigmund
  1112 | D:1      | Slain by a hobgoblin

Levels and vault maps discovered:
D:1:      saegor_arrival_under_anarchy, layout_loops_ring
D:2:      layout_loops_ring, gammafunk_temple_overflow_claw, first_ration,
          uniq_sigmund, uniq_robin, uniq_natasha

Skill      XL: |  1  2  3 |
---------------+----------+-----
Stealth        | 1 2 |  2.0
Spellcasting   | 1 |  1.0
Fighting       | |  3.0
Maces & Flails | |  4.0
Armour         | |  1.9
Evocations     | |  2.0

Action                   || total
-------------------------++-------
Melee: Mace              ||    81
 Abil: Spit Poison       ||     4
Armor: Scale mail        ||    59
Dodge: Dodged            ||    38
